 Dungeon Crawl Stone Soup version 0.24.0-123-gd5b16e6ec5 (webtiles) character file.

Game seed: 15782818046874038914, levelgen mode: deterministic

59377 Chiseanne the Devastator (level 14, -2/111 HPs)
             Began as a Demonspawn Wizard on Jan 10, 2020.
             Was a High Priest of Vehumet.
             Slain by a very large slime creature (63 damage)
             ... on level 15 of the Dungeon on Jan 15, 2020.
             The game lasted 01:40:19 (28410 turns).

Chiseanne the Devastator (Demonspawn Wizard)       Turns: 28410, Time: 01:40:19

Health: -2/111     AC: 10    Str:  7    XL:     14   Next: 53%
Magic:  27/32      EV: 12    Int: 25    God:    Vehumet [*****.]
Gold:   2023       SH:  0    Dex: 14    Spells: 12/42 levels left

rFire    . . .     SeeInvis .   a - +5 dagger (elec)
rCold    + . .     Gourm    .   (no shield)
rNeg     . . .     Faith    .   C - +1 robe "Uxogosee" {rCorr Int+2}
rPois    +         Spirit   .   b - +0 hat
rElec    +         Reflect  .   S - scarf {cloud immunity}
rCorr    +         Harm     .   X - +1 pair of gloves
MR       +....                  Y - +0 pair of boots of Ethics {rC+ Stlth+}
Stlth    +++.......             H - amulet of regeneration
HPRegen  0.68/turn              D - ring of wizardry
MPRegen  0.23/turn              q - ring of poison resistance

@: studying Conjurations
A: horns 1, thin metallic scales 3, foul stench 1, powered by pain 2, robust 2,
rot immunity
a: Renounce Religion


You were on level 15 of the Dungeon.
You worshipped Vehumet.
Vehumet was extremely pleased with you.
You were not hungry.

You visited 3 branches of the dungeon, and saw 18 of its levels.
You visited 1 bazaar.

You collected 7985 gold pieces.
You spent 5962 gold pieces at shops.

Inventory:

Hand Weapons
 a - a +5 dagger of electrocution (weapon)
 d - a +2 mace of protection
 s - the +7 spear of Ointment {flame, Int+4}
   (You bought it in a shop in a bazaar)

   It has been specially enchanted to burn those struck by it, causing extra
   injury to most foes and up to half again as much damage against particularly
   susceptible opponents.
   It affects your intelligence (+4).
 w - a +6 hunting sling of freezing
 R - the +6 short sword of Disintegration {drain, rC- Int+8 Stlth-}
   (You bought it in a shop on level 2 of the Orcish Mines)

   A truly terrible weapon, it drains the life of those it strikes.
   It affects your intelligence (+8).
   It makes you vulnerable to cold.
   It makes you less stealthy.
Missiles
 p - 5 throwing nets (quivered)
 u - 91 sling bullets
Armour
 b - a +0 hat (worn)
 g - a +0 troll leather armour
 C - the +1 robe "Uxogosee" (worn) {rCorr Int+2}
   (You found it on level 6 of the Dungeon)

   It affects your intelligence (+2).
   It provides partial protection from all sources of acid and corrosion.
 S - a scarf of cloud immunity (worn)
 X - a +1 pair of gloves (worn)
 Y - the +0 pair of boots of Ethics (worn) {rC+ Stlth+}
   (You bought it in a shop in a bazaar)

   It protects you from cold.
   It makes you more stealthy.
Magical Staves
 y - an uncursed staff of energy
Jewellery
 q - a ring of poison resistance (right hand)
 x - an uncursed ring of flight
 D - a ring of wizardry (left hand)
 H - an amulet of regeneration (around neck)
 Q - an uncursed ring of fire
 Z - a cursed ring of attention {unknown}
Wands
 o - a wand of acid (2)
 G - a wand of iceblast (3)
 J - a wand of clouds (3)
 K - a wand of polymorph (8)
 M - a wand of digging (3)
 O - a wand of enslavement (13)
Scrolls
 f - a scroll of enchant armour
 h - 6 scrolls of teleportation
 t - a scroll of identify
 v - 2 scrolls of immolation
 z - 8 scrolls of fog
 L - 3 scrolls of magic mapping
 P - 2 scrolls of remove curse
 V - 2 scrolls of amnesia
Potions
 j - a potion of ambrosia
 k - a potion of lignification
 m - 5 potions of curing
 n - 6 potions of haste
 r - 2 potions of berserk rage
 A - a potion of invisibility
 B - 2 potions of cancellation
 E - 3 potions of brilliance
 U - a potion of agility
 W - a potion of mutation
Books
 i - a manual of Conjurations
Miscellaneous
 e - a crystal ball of energy
Comestibles
 N - 11 rations


   Skills:
 - Level 3.6 Fighting
 - Level 5.1 Short Blades
 - Level 1.7 Dodging
 - Level 1.7 Stealth
 - Level 14.5 Spellcasting
 + Level 17.3 Conjurations
   Level 1.0 Summonings
 - Level 0.8 Translocations
 - Level 8.0 Earth Magic
 - Level 5.0 Evocations


You had 12 spell levels left.
You knew the following spells:

 Your Spells              Type           Power        Failure   Level  Hunger
a - Bolt of Magma         Conj/Fire/Erth ######....   1%          5    ##.....
b - Venom Bolt            Conj/Pois      ######....   1%          5    ##.....
c - Iron Shot             Conj/Erth      ######....   1%          6    ####...
d - Mephitic Cloud        Conj/Pois/Air  #####...     1%          3    None
e - Sticky Flame          Conj/Fire      ######..     1%          4    None
f - Lee's Rapid Deconstr  Erth           ######....   1%          5    ##.....
g - Blink                 Tloc           N/A          1%          2    None

Your spell library contained the following spells:

 Spells                   Type           Power        Failure   Level  Hunger
 Bolt of Draining         Conj/Necr      ######....   1%          5    ##.....
 Magic Dart               Conj           ####         0%          1    None
 Animate Skeleton         Necr           N/A          1%          1    None
 Confusing Touch          Hex            ###...       1%          1    None
 Pain                     Necr           ###.         1%          1    None
 Sting                    Conj/Pois      ####         1%          1    None
 Call Imp                 Summ           ###.....     1%          2    None
 Poisonous Vapours        Pois/Air       ###...       1%          2    None
 Slow                     Hex            ###.....     1%          2    None
 Conjure Flame            Conj/Fire      ######..     1%          3    None
 Poison Arrow             Conj/Pois      ######....   1%          6    ####...
 Gell's Gravitas          Tloc           ###.......   2%          3    None
 Leda's Liquefaction      Hex/Erth       #####.....   2%          4    None
 Petrify                  Tmut/Erth      #####...     2%          4    None
 Olgreb's Toxic Radiance  Pois           ###.....     3%          4    None
 Confuse                  Hex            ###.....     4%          3    None
 Regeneration             Chrm/Necr      ###.......   4%          3    None
 Vampiric Draining        Necr           ###.......   4%          3    None
 Yara's Violent Unravell  Hex/Tmut       ###.......   10%         5    ##.....
 Animate Dead             Necr           N/A          12%         4    None
 Lehudib's Crystal Spear  Conj/Erth      ######....   13%         8    #######
 Metabolic Englaciation   Hex/Ice        ###.......   32%         5    ##.....
 Statue Form              Tmut/Erth      #####....    34%         6    ####...
 Chain Lightning          Conj/Air       ######....   47%         8    #######
 Fire Storm               Conj/Fire      ######....   99%         9    #######
 Glaciate                 Conj/Ice       ######....   99%         9    #######
 Shatter                  Erth           ######....   100%        9    #######


Dungeon Overview and Level Annotations

Branches:
Dungeon (15/15)            Temple (1/1) D:7            Lair (0/6) D:9
    Orc (2/2) D:9             Elf (0/3) Orc:2        Vaults (0/5) D:14
 Depths: D:15

Altars:
Ashenzari
Cheibriados
Dithmenos
Elyvilon
Fedhas
Gozag
Hepliaklqana
Kikubaaqudgha
Makhleb
Nemelex Xobeh
Okawaru
Qazlal
Ru
Sif Muna
Trog
Uskayaw
Vehumet
Wu Jian
Xom
Yredelemnul
Zin
The Shining One
Beogh

Shops:
D:13 (   D:14 *   Orc:1 ?   Orc:2 ([*[

Annotations:
D:4 2 transporters, Britaniac's ghost, amateur GnWr
D:7 3 runed translucent doors, Elellon's ghost, novice TrMo


Innate Abilities, Weirdness & Mutations

You have a pair of small horns on your head.
You are completely covered in thin metallic scales. (AC +4, rElec)
You may emit foul miasma when damaged in melee.
You sometimes gain power by taking damage.
You are very robust. (+20% HP)
You are immune to rotting.


Message History

Confirm with . or Enter, or press ? or * to list all spells.
Aiming: Bolt of Magma (safe; 1% risk of failure)
Press: ? - help, Shift-Dir - straight line, f - very large slime creature
Aim: a very large slime creature (heavily wounded, sick)
The bolt of magma hits the very large slime creature!!
The very large slime creature is severely wounded.
The very large slime creature hits you!!!
You focus on the pain.
You feel your power returning.
You emit a cloud of foul miasma!
The slime creature quivers.
Your +6 hunting sling of freezing stops glowing.
You hear the crackle of electricity.
a - a +5 dagger of electrocution (weapon)
You hit the very large slime creature.
You headbutt the very large slime creature, but do no damage.
The very large slime creature is severely wounded.
The very large slime creature is engulfed in dark miasma.
The very large slime creature hits you!!!
Ouch! That really hurt!
You die...

.#
##.........#..#####...###
.#
#.........#...##.......####
##
#####......#............#.#
########...###........#
##.####......... ####
##.###........<.. ....###
##.## #...........
.......##..# #...........
........#@## #........... #
.......#J## #........... .#
#.(# #........... ..# #J##
##....)..... #..# #J##
###........ #... ..J
###...... #.. ..... ###....
#...... ###.# ..(#### ###


You could see a very large slime creature and 3 slime creatures.

Vanquished Creatures
  Erolcha (Orc:1)
  3 hydras
  2 vault guards (D:14)
  3 centaur warriors
  An ogre mage (D:15)
  3 death yaks
  7 two-headed ogres
  A tengu warrior (D:15)
  3 orc high priests (Orc:2)
  A fire crab (shapeshifter) (D:13)
  4 skeletal warriors (D:12)
  3 wizards
  3 unseen horrors
  2 deep elf archers (D:14)
  10 orc knights
  Pikel (D:6)
  5 cyclopes
  3 manticores
  13 ugly things
  3 deep elf magi
  4 orc sorcerers
  3 centaur zombies
  2 gargoyles
  5 yaktaurs
  A tengu conjurer (D:14)
  8 trolls
  3 slime creatures (D:14)
  6 hippogriffs
  A spriggan (D:12)
  2 shadows
  4 wyverns
  A steam dragon (D:11)
  5 yaks
  8 vampire mosquitoes
  2 hungry ghosts
  2 soldier ants
  7 wargs
  An acid dragon (D:13)
  4 ice beasts
  27 orc warriors
  4 sky beasts
  3 black bears
  An ice beast (shapeshifter) (D:15)
  14 ogres
  3 phantoms
  11 centaurs
  4 big kobolds
  11 bullfrogs
  A gnoll sergeant (D:3)
  A wyvern skeleton (D:13)
  2 wyvern zombies
  4 scorpions
  A water moccasin skeleton (D:5)
  8 killer bees
  3 wights (D:13)
  4 howler monkeys
  9 crimson imps
  A bullfrog zombie (D:5)
  3 hounds
  28 orc wizards
  3 jellies
  16 orc priests
  6 centaur skeletons
  3 gnoll shamans (D:3)
  2 bullfrog skeletons
  An iguana (D:4)
  14 worker ants
  A killer bee zombie (D:5)
  2 hound skeletons
  42 gnolls
  13 adders
  A river rat (D:9)
  6 shadow imps
  2 oozes
  2 adder skeletons
  A worm (D:2)
  6 dart slugs
  5 leopard geckos
  99 orcs
  6 bats
  4 giant cockroaches
  7 goblins
  5 hobgoblins
  16 jackals
  28 kobolds
  4 quokkas
  5 ball pythons
  9 frilled lizards
  2 quokka zombies
  8 rats
603 creatures vanquished.

Vanquished Creatures (collateral kills)
  An iguana (D:5)
1 creature vanquished.

Vanquished Creatures (others)
  A phantom (D:12)
  A worker ant zombie (D:6)
  An adder (D:12)
  3 orcs (D:14)
6 creatures vanquished.

Grand Total: 610 creatures vanquished

Notes
Turn   | Place    | Note
-------+----------+-------------------------------------------
     0 | D:1      | Chiseanne the Demonspawn Wizard began the quest for the
                  | Orb.
     0 | D:1      | Reached XP level 1. HP: 13/13 MP: 4/4
   384 | D:1      | Gained mutation: You are immune to rotting. [demonic
                  | ancestry]
   384 | D:1      | Reached XP level 2. HP: 6/19 MP: 0/6
  1282 | D:2      | Reached skill level 2 in Conjurations
  1317 | D:2      | Reached XP level 3. HP: 14/24 MP: 1/7
  1568 | D:2      | Reached skill level 1 in Short Blades
  1834 | D:2      | Gained mutation: You sometimes gain a little power by
                  | taking damage. [demonic ancestry]
  1834 | D:2      | Reached XP level 4. HP: 29/30 MP: 4/9
  2631 | D:3      | Found a sacrificial altar of Ru.
  2910 | D:3      | Found a hazy altar of Hepliaklqana.
  2976 | D:3      | Gained mutation: You are partially covered in thin metallic
                  | scales. (AC +2) [demonic ancestry]
  2976 | D:3      | Reached XP level 5. HP: 33/35 MP: 10/10
  2977 | D:3      | Reached skill level 3 in Conjurations
  3531 | D:3      | Reached XP level 6. HP: 10/41 MP: 6/12
  4010 | D:3      | Learned a level 2 spell: Blink
  4014 | D:3      | Learned a level 3 spell: Conjure Flame
  4018 | D:3      | Learned a level 3 spell: Mephitic Cloud
  4337 | D:3      | Reached skill level 4 in Conjurations
  4566 | D:3      | Gained mutation: You sometimes gain power by taking damage.
                  | [demonic ancestry]
  4566 | D:3      | Reached XP level 7. HP: 46/46 MP: 7/14
  4654 | D:3      | Reached skill level 5 in Spellcasting
  5183 | D:3      | Found a shimmering altar of Xom.
  5762 | D:4      | Found a transporter.
  5765 | D:4      | Noticed Britaniac's ghost (amateur GnWr)
  5766 | D:4      | Found a transporter.
  5970 | D:4      | Reached skill level 5 in Conjurations
  6563 | D:4      | Gained mutation: You are mostly covered in thin metallic
                  | scales. (AC +3) [demonic ancestry]
  6563 | D:4      | Reached XP level 8. HP: 46/52 MP: 4/16
  6864 | D:4      | Found an ornate altar of the Wu Jian Council.
  6865 | D:4      | Found a basalt altar of Yredelemnul.
  6968 | D:4      | Found a hide-covered altar of Uskayaw.
  6968 | D:4      | Found an iron altar of Okawaru.
  6996 | D:5      | Entered Level 5 of the Dungeon
  7484 | D:5      | Reached skill level 5 in Short Blades
  7484 | D:5      | Reached skill level 6 in Conjurations
  8568 | D:6      | Got a tattered robe
  8738 | D:6      | Reached skill level 7 in Conjurations
  8810 | D:6      | Noticed Pikel
  8824 | D:6      | Killed Pikel
  8824 | D:6      | Gained mutation: You have a pair of small horns on your
                  | head. [demonic ancestry]
  8824 | D:6      | Reached XP level 9. HP: 20/57 MP: 17/20
  9578 | D:6      | Found a runed translucent door.
  9923 | D:6      | Reached skill level 8 in Conjurations
 10158 | D:6      | Found a roughly hewn altar of Beogh.
 10182 | D:6      | Identified the cursed +1 robe "Uxogosee" {rCorr Int+2} (You
                  | found it on level 6 of the Dungeon)
 10480 | D:7      | Found a staircase to the Ecumenical Temple.
 10503 | Temple   | Entered the Ecumenical Temple
 10691 | Temple   | Became a worshipper of Vehumet
 11403 | D:7      | Reached skill level 9 in Conjurations
 11436 | D:7      | Found a runed translucent gate.
 11436 | D:7      | Found a runed translucent gate.
 11436 | D:7      | Found a runed translucent gate.
 11437 | D:7      | Noticed Elellon's ghost (novice TrMo)
 12424 | D:8      | Gained mutation: You may emit foul miasma when damaged in
                  | melee. [demonic ancestry]
 12424 | D:8      | Reached XP level 10. HP: 63/63 MP: 18/23
 13301 | D:9      | Reached * piety under Vehumet
 13301 | D:9      | Offered knowledge of Shock by Vehumet.
 13330 | D:9      | Reached skill level 10 in Conjurations
 13558 | D:9      | Found a staircase to the Orcish Mines.
 13569 | D:9      | Noticed a death yak
 13806 | D:9      | Found a shimmering blue altar of Sif Muna.
 13926 | D:9      | Learned a level 5 spell: Venom Bolt
 13945 | D:9      | Noticed a death yak
 13981 | D:9      | Noticed a death yak
 14012 | D:9      | Found a staircase to the Lair.
 14253 | D:8      | Killed a death yak
 14253 | D:8      | Reached skill level 10 in Spellcasting
 14479 | D:8      | Killed a death yak
 14659 | D:9      | Killed a death yak
 14659 | D:9      | Reached skill level 11 in Conjurations
 14944 | D:10     | Entered Level 10 of the Dungeon
 15115 | Orc:1    | Entered Level 1 of the Orcish Mines
 15116 | Orc:1    | Noticed Erolcha
 15125 | Orc:1    | Killed Erolcha
 15125 | Orc:1    | Gained mutation: You are completely covered in thin
                  | metallic scales. (AC +4, rElec) [demonic ancestry]
 15125 | Orc:1    | Reached XP level 11. HP: 68/68 MP: 21/25
 15372 | Orc:1    | Found Ajino's Magic Scroll Shoppe.
 15389 | Orc:1    | Bought a scroll of fear for 49 gold pieces
 15389 | Orc:1    | Bought a scroll of identify for 28 gold pieces
 15389 | Orc:1    | Bought a scroll of identify for 28 gold pieces
 15389 | Orc:1    | Bought a scroll of identify for 28 gold pieces
 15389 | Orc:1    | Bought a scroll of identify for 28 gold pieces
 15389 | Orc:1    | Bought a scroll of identify for 28 gold pieces
 15389 | Orc:1    | Bought a scroll of teleportation for 42 gold pieces
 15389 | Orc:1    | Bought a scroll of teleportation for 42 gold pieces
 15389 | Orc:1    | Bought a scroll of fog for 28 gold pieces
 15389 | Orc:1    | Bought a scroll of remove curse for 42 gold pieces
 15389 | Orc:1    | Bought a scroll of magic mapping for 49 gold pieces
 15582 | Orc:1    | Reached ** piety under Vehumet
 15582 | Orc:1    | Offered knowledge of Throw Frost by Vehumet.
 16724 | Orc:2    | Entered Level 2 of the Orcish Mines
 16816 | Orc:2    | Noticed an orc knight
 16835 | Orc:1    | Killed an orc knight
 16835 | Orc:1    | Reached skill level 12 in Conjurations
 17460 | Orc:2    | Found a staircase to the Elven Halls.
 17487 | Orc:2    | Noticed an orc knight
 17727 | Orc:2    | Killed an orc knight
 17727 | Orc:2    | Offered knowledge of Searing Ray by Vehumet.
 17922 | Orc:2    | Noticed an orc knight
 18074 | Orc:1    | Killed an orc knight
 18437 | Orc:2    | Reached *** piety under Vehumet
 18703 | Orc:2    | Found a bloodstained altar of Trog.
 18770 | Orc:2    | Reached skill level 1 in Evocations
 19228 | Orc:2    | Noticed an orc knight
 19231 | Orc:2    | Noticed an orc sorcerer
 19231 | Orc:2    | Noticed an orc knight
 19232 | Orc:2    | Noticed an orc high priest
 19232 | Orc:2    | Noticed an orc sorcerer
 19233 | Orc:2    | Noticed an orc sorcerer
 19236 | Orc:2    | Paralysed by an orc sorcerer for 5 turns
 19242 | Orc:2    | Killed an orc sorcerer
 19242 | Orc:2    | Noticed an orc high priest
 19242 | Orc:2    | Killed an orc knight
 19245 | Orc:2    | Killed an orc sorcerer
 19245 | Orc:2    | Noticed an orc knight
 19249 | Orc:2    | Killed an orc knight
 19249 | Orc:2    | Offered knowledge of Sticky Flame by Vehumet.
 19544 | Orc:2    | Killed an orc high priest
 19544 | Orc:2    | Gained mutation: You are robust. (+10% HP) [demonic
                  | ancestry]
 19544 | Orc:2    | Reached XP level 12. HP: 56/81 MP: 15/28
 19665 | Orc:2    | Noticed an orc high priest
 19671 | Orc:2    | Killed an orc high priest
 19673 | Orc:2    | Killed an orc high priest
 19673 | Orc:2    | Reached skill level 1 in Fighting
 19853 | Orc:2    | Found Dadiatz's Weapon Emporium.
 19853 | Orc:2    | Found Veih's Antique Armour Shop.
 19861 | Orc:2    | Found Osovvek's Assorted Antiques.
 19861 | Orc:2    | Found Ygguat's Armour Shop.
 19979 | Orc:2    | Bought an amethyst potion for 18 gold pieces
 19986 | Orc:2    | Bought a glowing pearl amulet for 105 gold pieces
 19991 | Orc:2    | Bought a crude short sword for 168 gold pieces
 19992 | Orc:2    | Identified the +6 short sword of Disintegration {drain, rC-
                  | Int+8 Stlth-} (You bought it in a shop on level 2 of the
                  | Orcish Mines)
 20367 | D:10     | Identified a scroll of acquirement
 20435 | Orc:1    | Bought a scroll of acquirement for 728 gold pieces
 20503 | Orc:2    | Bought a scroll of teleportation for 63 gold pieces
 20504 | Orc:2    | Bought a +0 pair of gloves for 54 gold pieces
 20517 | Orc:2    | Bought a +6 hunting sling of freezing for 381 gold pieces
 20625 | D:10     | Learned a level 4 spell: Sticky Flame
 20714 | D:10     | Reached skill level 13 in Conjurations
 21054 | D:10     | Learned a level 5 spell: Bolt of Magma
 21061 | D:10     | Learned a level 6 spell: Iron Shot
 21310 | D:11     | Reached **** piety under Vehumet
 21310 | D:11     | Offered knowledge of Throw Icicle by Vehumet.
 21983 | D:11     | Noticed a two-headed ogre
 21988 | D:11     | Killed a two-headed ogre
 22297 | D:11     | Reached skill level 5 in Evocations
 22722 | D:12     | Found a flickering gateway to a bazaar.
 22731 | Bazaar   | Entered a bazaar
 22731 | Bazaar   | Found Mujaobos's Antique Weapon Boutique.
 22731 | Bazaar   | Found Jellot's Antique Armour Shop.
 22731 | Bazaar   | Found Rayjysash's Armour Shop.
 22735 | Bazaar   | Bought a smoking spear for 112 gold pieces
 22736 | Bazaar   | Identified the +7 spear of Ointment {flame, Int+4} (You
                  | bought it in a shop in a bazaar)
 22740 | Bazaar   | Bought a pair of embroidered gloves for 120 gold pieces
 22755 | Bazaar   | Bought a scarf of cloud immunity for 126 gold pieces
 22755 | Bazaar   | Bought the +0 pair of boots of Ethics {rC+ Stlth+} for 383
                  | gold pieces
 22810 | D:12     | Reached skill level 1 in Earth Magic
 23660 | D:12     | Reached XP level 13. HP: 84/95 MP: 28/30
 24058 | D:13     | Reached ***** piety under Vehumet
 24074 | D:13     | Offered knowledge of Lee's Rapid Deconstruction by Vehumet.
 24088 | D:13     | Learned a level 5 spell: Lee's Rapid Deconstruction
 24654 | D:13     | Reached skill level 5 in Earth Magic
 24894 | D:13     | Found Ahaata Yrous's Weapon Shoppe.
 26402 | D:14     | Gained mutation: You are very robust. (+20% HP) [demonic
                  | ancestry]
 26402 | D:14     | Reached XP level 14. HP: 74/111 MP: 7/32
 26528 | D:14     | Found Piuzxom's Demolitions Depot.
 26662 | D:14     | Bought a manual of Conjurations for 1656 gold pieces
 26662 | D:14     | Bought a book of Annihilations for 1656 gold pieces
 26713 | D:14     | Reached skill level 14 in Conjurations
 26833 | D:14     | Found a glowing golden altar of the Shining One.
 27199 | D:14     | Found a gate to the Vaults.
 27271 | D:15     | Entered Level 15 of the Dungeon
 27286 | D:15     | Reached skill level 15 in Conjurations
 27865 | D:15     | Reached skill level 16 in Conjurations
 27869 | D:15     | Offered knowledge of Bolt of Draining by Vehumet.
 28072 | D:15     | Reached skill level 17 in Conjurations
 28410 | D:15     | Slain by a very large slime creature

Levels and vault maps discovered:
D:1:      dpeg_arrival_pits, layout_rooms
D:2:      layout_rooms
D:3:      lemuel_castle_with_subvaults [lemuel_castle_interior_carwin_1],
          layout_basic, xom_teletrap_fun, lemuel_doored_altar, first_ration,
          nicolae_ru_awakened_eye
D:4:      layout_loops_ring, gammafunk_temple_overflow_elements,
          gammafunk_temple_overflow_statue, gammafunk_ghost_mausoleum
D:5:      layout_rooms, nrook_uturn, cheibrodos_gnoll_hut
D:6:      hangedman_cross_stitches, layout_loops_corners,
          lightli_church_of_beogh, uniq_pikel
D:7:      layout_rooms, temple_pool_b, gammafunk_ghost_nasty_kobolds
D:8:      layout_basic
D:9:      layout_cave_pools, led_sif_pool, dpeg_lair_monsters, david_orc_2
D:10:     layout_roguey
D:11:     layout_cave_pods
D:12:     layout_roguey, serial_shops, bzr_firewalk, grunt_pizzeria, minmay_bent
D:13:     layout_basic, serial_shops, kennysheep_mini
D:14:     layout_basic, grunt_vaults_entry_fortified,
          nicolae_tso_carved_into_rock, nicolae_blasting_shop
D:15:     grunt_enter_depths_magical_seal, layout_cave_pods, minivault_26,
          basic_altar
Temple:   regret_index_temple_generic_petals
Orc:1:    layout_caves, serial_shops, shop_statue, nooodl_orcs_dogs,
          uniq_erolcha
Orc:2:    grunt_orc_tribal_feast, layout_caves, basic_altar, bh_open_orc_temple

Skill      XL: |  1  2  3  4  5  6  7  8  9 10 11 12 13 14 |
---------------+-------------------------------------------+-----
Conjurations   | 2 3 4 5 7 9 11 12 13 17 | 17.3
Short Blades   | 1 2 3 4 5 |  5.1
Spellcasting   | 4 5 7 9 10 12 13 14 | 14.5
Evocations     | 3 5 |  5.0
Fighting       | 3 |  3.6
Earth Magic    | 3 7 8 |  8.0
Dodging        | |  1.7
Stealth        | |  1.7
Summonings     | |  1.0
Translocations | |  0.8

Action                   |  1- 3 |  4- 6 |  7- 9 | 10-12 | 13-15 || total
-------------------------+-------+-------+-------+-------+-------++-------
Melee: Unarmed           |    13 |       |       |       |       ||    13
       Dagger            |    33 |    94 |   196 |   390 |   217 ||   930
       Headbutt          |       |       |     6 |    65 |    46 ||   117
 Fire: Hunting sling     |       |       |       |     2 |    26 ||    28
Throw: Dart              |       |     4 |       |     4 |       ||     8
 Cast: Magic Dart        |    79 |    99 |   297 |   323 |       ||   798
       Mephitic Cloud    |       |     9 |    36 |    77 |    32 ||   154
       Blink             |       |     1 |     2 |    16 |     5 ||    24
       Conjure Flame     |       |       |    24 |     5 |       ||    29
       Venom Bolt        |       |       |       |    49 |    72 ||   121
       Bolt of Magma     |       |       |       |    55 |    59 ||   114
       Sticky Flame      |       |       |       |    10 |     7 ||    17
Evoke: Wand              |       |       |       |    27 |    16 ||    43
  Use: Scroll            |     5 |     4 |    13 |    20 |     4 ||    46
       Potion            |       |     1 |     1 |       |     2 ||     4
 Stab: Sleeping          |     1 |       |     4 |     2 |     6 ||    13
       Confused          |       |     2 |     9 |    25 |    13 ||    49
       Paralysed         |       |       |       |     1 |     5 ||     6
       Distracted        |       |       |       |       |     1 ||     1
  Eat: Chunk             |     3 |     8 |    25 |    30 |    13 ||    79
       Ration            |       |       |       |     5 |     2 ||     7
Armor: Robe              |     9 |    22 |    45 |    92 |    84 ||   252
Dodge: Dodged            |    26 |    47 |   107 |   197 |   145 ||   522
